 Dungeon Crawl Stone Soup version 0.30.0-29-ga12c61a403 (webtiles) character file.

Game seed: 8190549303697406829

5630 bmack86 the Cleaver (level 10, -1/93 HPs)
             Began as a Minotaur Fighter on June 21, 2023.
             Was an Initiate of Gozag.
             Slain by a wyvern (9 damage)
             ... on level 9 of the Dungeon.
             The game lasted 00:18:28 (7387 turns).

bmack86 the Cleaver (Minotaur Fighter)              Turns: 7387, Time: 00:18:29

Health: -1/93      AC: 17    Str: 25    XL:     10   Next: 46%
Magic:  9/9        EV: 14    Int:  5    God:    Gozag
Gold:   1298       SH:  5    Dex: 10    Spells: 9/9 levels left

rFire   . . .        y - +4 war axe (flame)
rCold   . . .        c - +0 buckler
rNeg    . . .        b - +1 scale mail
rPois   .            (helmet restricted)
rElec   .            q - +2 cloak {Stlth+}
rCorr   +            u - +2 pair of gloves
SInv    .            E - +0 pair of boots
Will    .....        (no amulet)
Stlth   +            r - +5 ring of evasion
HPRegen 0.35/turn    z - ring of resist corrosion
MPRegen 0.11/turn

%: no passive effects
@: mighty, gold aura, on berserk cooldown, slowed, invisible, very slow
A: horns 2, retaliatory headbutt
a: Renounce Religion, Potion Petition, Call Merchant, Bribe Branch


You were on level 9 of the Dungeon.
You worshipped Gozag.
Gozag was most pleased with you.
You visited 2 branches of the dungeon, and saw 10 of its levels.
You also visited: Sewer.

You collected 2010 gold pieces.
You spent 265 gold pieces at shops.
You paid 447 gold pieces to Gozag.

Inventory:

Hand Weapons
 a - a +1 war axe of freezing
 y - a +4 war axe of flaming (weapon)
Missiles
 j - 42 poisoned darts (quivered)
 k - a curare-tipped dart
 C - a throwing net
Armour
 b - a +1 scale mail (worn)
 c - a +0 buckler (worn)
 q - a +2 cloak of stealth (worn)
 u - a +2 pair of gloves (worn)
 E - a +0 pair of boots (worn)
Jewellery
 h - a ring of wizardry
 r - a +5 ring of evasion (left hand)
 z - a ring of resist corrosion (right hand)
Wands
 n - a wand of roots (10)
 t - a wand of paralysis (20)
Scrolls
 e - 2 scrolls of fog
 m - 3 scrolls of teleportation
 o - 2 scrolls of enchant weapon
 v - a scroll of immolation
 x - a scroll of identify
 A - a scroll of magic mapping
Potions
 d - 6 potions of might
 f - 2 potions of resistance
 g - 5 potions of curing
 i - 2 potions of ambrosia
 l - 2 potions of heal wounds
 p - 4 potions of brilliance
 s - 5 potions of flight
 B - 2 potions of magic
 D - a potion of mutation
 F - a potion of attraction


   Skills:
 * Level 10.3 Fighting
 - Level 14.0 Axes
 + Level 7.7 Armour
 - Level 5.6 Shields


You had 9 spell levels left.
You didn't know any spells.
Your spell library contained the following spells:

 Spells                   Type           Power      Damage    Failure   Level
 Ensorcelled Hibernation  Hex/Ice        0%         N/A       90%         2
 Spider Form              Tmut/Pois      0%         N/A       99%         3
 Anguish                  Hex/Necr       0%         N/A       100%        4


Dungeon Overview and Level Annotations

Branches:
Dungeon (9/15)             Temple (1/1) D:6           Sewer (visited)
   Lair: D:8-11         Orc: D:9-12

Altars:
Cheibriados
Dithmenos
Elyvilon
Gozag
Hepliaklqana
Okawaru
Qazlal
Sif Muna
Trog
Uskayaw
Vehumet
Wu Jian
Yredelemnul
Zin
The Shining One

Shops:
D:8 ?   D:9 *

Annotations:
D:5 2 transporters, Taurus's ghost, novice MiFi


Innate Abilities, Weirdness & Mutations

You have a pair of horns on your head.
You reflexively headbutt those who attack you in melee.


Message History

The basilisk bites you but does no damage.
The wolf bites you but does no damage.
The wyvern bites you but does no damage.
The wolf bites you. The basilisk bites you.
* * * LOW HITPOINT WARNING * * *
The wyvern barely misses you. The wolf bites you.
* * * LOW HITPOINT WARNING * * *
The wolf bites you but does no damage. The wyvern bites you!
* * * LOW HITPOINT WARNING * * *
The basilisk bites you.
* * * LOW HITPOINT WARNING * * *
The wolf bites you but does no damage.
The wyvern bites you but does no damage.
The basilisk gazes at you. You resist with some effort.
The wolf bites you but does no damage.
The wyvern bites you but does no damage.
You turn to flesh and can move again. [a] - 250 gold - resistance [b] - 324 gold - invisibility and might [c] - 900 gold - resistance, invisibility, brilliance and magic Purchase which effect?
You fade into invisibility!
You feel very mighty all of a sudden. You block the wolf's attack.
The wyvern bites you!
* * * LOW HITPOINT WARNING * * *
The wolf misses you.
The basilisk bites you but does no damage.
The wyvern misses you. The scorpion misses you. The wolf misses you.
The basilisk gazes at you. You resist with some effort.
You slash the wolf! You burn the wolf. You headbutt the wolf.
You kill the wolf!
You strike the helpless basilisk from behind!
You hit the basilisk. You burn the basilisk.
You kill the basilisk!
You slash the wyvern! You burn the wyvern.
You catch the helpless scorpion completely off-guard!
You hit the scorpion. You burn the scorpion. The wyvern barely misses you.
The wyvern bites you!
You die...
Your body crumbles into a pile of gold.

.>)........#
..)))......# ##...
.))))......# #..... .
...........# #..... . .
...........###...# .♣.P
.................###P...
......................P.
....####.........l......
.......#.......$@s..P.♣.
.......#.....$.$.(.(....
#.#........###$$.####...
...#.......# #....... .
.∩...#.....# #.......l
...#.#.................
#.#..#.................
.......................
....#......##..........


You could see a wyvern (unable to see you) and a scorpion (unable to see you).

Vanquished Creatures
  Pikel (D:5)
  Sigmund (D:6)
  A wyvern (D:9)
  Eustachio (D:6)
  6 yaks (D:9)
  2 basilisks (D:9)
  Menkaure (D:5)
  2 water moccasins
  An ice beast (D:6)
  A sky beast (D:6)
  2 black bears
  An ogre (D:5)
  3 wolves (D:9)
  A lemure (D:5)
  2 phantoms
  5 kobold brigands
  A bullfrog (D:6)
  Blork the orc (D:6)
  3 scorpions
  15 wights
  5 killer bees (D:8)
  5 howler monkeys
  6 jellies
  A hound (D:7)
  Crazy Yiuf (D:3)
  Ijyb (D:3)
  A gnoll bouda (D:6)
  3 iguanas
  3 sleepcaps
  5 orc wizards
  4 gnolls (D:6)
  6 adders
  3 river rats (Sewer)
  A white imp (D:7)
  2 ufetubi
  2 worms
  A dart slug (D:2)
  14 orcs
  5 bats
  7 endoplasms
  3 giant cockroaches
  6 goblins
  4 hobgoblins
  7 jackals
  7 quokkas
  5 ball pythons
  5 frilled lizards
  12 kobolds
  9 rats
185 creatures vanquished.

Notes
Turn   | Place    | Note
-------+----------+-------------------------------------------
     0 | D:1      | bmack86 the Minotaur Fighter began the quest for the Orb.
     0 | D:1      | Reached XP level 1. HP: 19/19 MP: 0/0
   116 | D:1      | Reached skill level 3 in Axes
   154 | D:1      | Reached XP level 2. HP: 26/26 MP: 1/1
   662 | D:2      | Reached skill level 4 in Axes
   662 | D:2      | Reached XP level 3. HP: 29/31 MP: 2/2
  1220 | D:2      | Found a faded altar of an unknown god.
  1259 | D:3      | Reached skill level 5 in Axes
  1463 | D:3      | Found a glowing drain.
  1475 | D:3      | Reached XP level 4. HP: 39/39 MP: 3/3
  1480 | Sewer    | Entered a sewer
  1505 | Sewer    | Noticed a kobold brigand
  1520 | Sewer    | Killed a kobold brigand
  1521 | Sewer    | Reached skill level 6 in Axes
  1521 | Sewer    | Reached XP level 5. HP: 45/45 MP: 4/4
  1576 | Sewer    | Reached skill level 7 in Axes
  1609 | Sewer    | Reached XP level 6. HP: 35/51 MP: 5/5
  1730 | Sewer    | Reached skill level 8 in Axes
  2253 | Sewer    | Identified a scroll of acquirement
  2253 | Sewer    | Acquired 1117 gold pieces
  2666 | D:3      | Noticed Ijyb
  2671 | D:3      | Killed Ijyb
  2987 | D:3      | Found a runed translucent door.
  2990 | D:3      | Noticed Crazy Yiuf
  2997 | D:3      | Killed Crazy Yiuf
  2998 | D:3      | Reached skill level 9 in Axes
  3198 | D:4      | Reached XP level 7. HP: 54/57 MP: 6/6
  4276 | D:5      | Entered Level 5 of the Dungeon
  4293 | D:5      | Noticed Menkaure
  4298 | D:5      | Killed Menkaure
  4299 | D:5      | Reached skill level 10 in Axes
  4323 | D:5      | Found a transporter.
  4342 | D:5      | Noticed Taurus's ghost (novice MiFi)
  4345 | D:5      | Found a transporter.
  4382 | D:5      | Noticed Pikel
  4393 | D:5      | Killed Pikel
  4394 | D:5      | Reached skill level 12 in Axes
  4394 | D:5      | Reached XP level 8. HP: 64/64 MP: 7/7
  4456 | D:5      | Reached skill level 13 in Axes
  4933 | D:6      | Noticed Blork the orc
  4938 | D:6      | Killed Blork the orc
  4997 | D:6      | Noticed Sigmund
  5008 | D:6      | Killed Sigmund
  5037 | D:6      | Reached skill level 14 in Axes
  5037 | D:6      | Reached XP level 9. HP: 64/70 MP: 8/8
  5185 | D:6      | Noticed Eustachio
  5202 | D:6      | Killed Eustachio
  5210 | D:6      | Reached skill level 5 in Fighting
  5508 | D:6      | Found a staircase to the Ecumenical Temple.
  5519 | Temple   | Entered the Ecumenical Temple
  5527 | Temple   | Became a worshipper of Gozag Ym Sagoz the Greedy
  6032 | D:7      | Reached skill level 5 in Armour
  6032 | D:7      | Reached skill level 5 in Shields
  6573 | D:8      | Reached XP level 10. HP: 86/88 MP: 9/9
  6718 | D:8      | Found Rudo's Magic Scroll Emporium.
  6725 | D:8      | Bought a scroll of enchant weapon for 75 gold pieces
  6725 | D:8      | Bought a scroll of enchant weapon for 75 gold pieces
  6725 | D:8      | Bought a scroll of identify for 20 gold pieces
  6725 | D:8      | Bought a scroll of identify for 20 gold pieces
  6725 | D:8      | Bought a scroll of magic mapping for 75 gold pieces
  7316 | D:9      | Found Ceaph's Overcharged Wands.
  7361 | D:9      | Reached skill level 10 in Fighting
  7387 | D:9      | Slain by a wyvern

Illustrated notes

Levels and vault maps discovered:
D:1:      dpeg_arrival_prison, layout_basic
D:2:      layout_basic, shapermc_ecumenical_altar_mp_vishouse
D:3:      layout_basic, cheibrodos_sewer_entry_drain, uniq_crazy_yiuf_cottage,
          uniq_ijyb
D:4:      layout_layer_cave
D:5:      layout_basic, gammafunk_ghost_arena, uniq_pikel, uniq_menkaure
D:6:      layout_basic, minmay_temple_entry_statues,
          minmay_misc_feat_nine_boxes, uniq_blork_the_orc, uniq_sigmund,
          uniq_eustachio
D:7:      layout_loops_ring
D:8:      layout_loops_ring, serial_shops, shop_scrolls
D:9:      layout_basic, minitemple, minmay_lair_entry_grove,
          nicolae_shop_overcharged_wands
Temple:   nicolae_temple_no_exploring_needed

Skill      XL: |  1  2  3  4  5  6  7  8  9 10 |
---------------+-------------------------------+-----
Axes           | 3 4 5 6 7 9 12 14 | 14.0
Fighting       | 8 10 | 10.3
Armour         | 6 7 |  7.7
Shields        | 5 |  5.6

Action                     |  1- 3 |  4- 6 |  7- 9 | 10-12 || total
---------------------------+-------+-------+-------+-------++-------
  Melee: War axe           |    67 |   101 |   200 |    41 ||   409
         Headbutt          |     7 |    16 |    35 |     4 ||    62
  Throw: Dart              |       |       |       |     2 ||     2
 Invoke: Potion Petition   |       |       |       |     1 ||     1
    Use: Scroll            |     8 |     5 |    13 |     2 ||    28
         Potion            |       |       |       |     1 ||     1
   Stab: Distracted        |       |       |     2 |       ||     2
         Invisible         |       |       |       |     2 ||     2
 Armour: Scale mail        |    29 |    23 |    56 |    67 ||   175
  Dodge: Dodged            |    45 |    59 |   105 |    54 ||   263
  Block: Buckler           |    16 |    22 |    36 |     9 ||    83
